 Dungeon Crawl Stone Soup version 0.28-a0-932-g843f935a50 (webtiles) character file.

Game seed: 2803548668557987397

57 croobank the Insei (level 4, -3/28 HPs)
             Began as an Octopode Transmuter on Nov 28, 2021.
             Killed by nerve-wracking pain
             ... invoked by Jessica
              (10 damage)
             ... on level 2 of the Dungeon.
             The game lasted 00:06:42 (1797 turns).

croobank the Insei (Octopode Transmuter)            Turns: 1797, Time: 00:06:42

Health: -3/28      AC:  1    Str: 10    XL:     4   Next: 0%
Magic:  7/7        EV: 13    Int: 15    God:
Gold:   51         SH:  0    Dex: 12    Spells: 1/7 levels left

rFire   . . .      SeeInvis .   j - +1 falchion (venom)
rCold   . . .      Faith    .   (no shield)
rNeg    . . .      Spirit   .   (helmet restricted)
rPois   .          Reflect  .   (no amulet)
rElec   .          Harm     .   g - ring of flight
rCorr   .          Rampage  .   (no ring)
Will    .....                   (no ring)
Stlth   +++.......              (no ring)
HPRegen 0.09/turn               (no ring)
MPRegen 0.10/turn               (no ring)
                                (no ring)
                                (no ring)

@: brilliant, lethally poisoned (-3 -> -7), flying, hasted, very quick
A: almost no armour, amphibious, 8 rings, camouflage 1, gelatinous body 1,
(nimble swimmer 1), tentacles
a: no special abilities


You were on level 2 of the Dungeon.
You visited 1 branch of the dungeon, and saw 2 of its levels.

You collected 51 gold pieces.

Inventory:

Hand Weapons
 a - a +0 dagger
 c - a +0 hand axe
 j - a +1 falchion of venom (weapon)
Missiles
 d - 32 arrows
 h - 20 stones
 i - 19 poisoned darts
Jewellery
 g - a ring of flight (left tentacle)
Potions
 e - a potion of brilliance
 f - a potion of cancellation {unknown}


   Skills:
 - Level 1.2 Fighting
 * Level 0.4 Long Blades
 - Level 0.7 Axes
 - Level 2.1 Dodging
 - Level 1.0 Stealth
 - Level 3.1 Unarmed Combat
 + Level 2.4 Spellcasting
 + Level 3.0 Transmutations


You had one spell level left.
You knew the following spells:

 Your Spells              Type           Power      Damage    Failure   Level
a - Beastly Appendage     Tmut           32%        N/A       6%          1
b - Wereblood             Tmut           16%        N/A       10%         2
c - Spider Form           Tmut/Pois      9%         N/A       34%         3

Your spell library contained the following spells:

 Spells                   Type           Power      Damage    Failure   Level
 Animate Skeleton         Necr           4%         N/A       22%         1
 Apportation              Tloc           4%         N/A       22%         1
 Summon Small Mammal      Summ           8%         N/A       22%         1
 Call Canine Familiar     Summ           2%         N/A       54%         3
 Summon Guardian Golem    Hex/Summ       2%         N/A       54%         3
 Ice Form                 Ice/Tmut       9%         N/A       75%         4


Dungeon Overview and Level Annotations

Branches:
Dungeon (2/15)

Altars:

Annotations:
D:2 Jessica


Innate Abilities, Weirdness & Mutations

You cannot wear most types of armour.
You are amphibious.
You can wear up to eight rings at the same time.
Your skin changes colour to match your surroundings (Stealth+).
Your rubbery body absorbs attacks. (AC +1, EV +1)
((You are camouflaged near water. (Stealth+)))
You have tentacles for arms and can constrict up to eight enemies at once.


Message History

An adder comes into view.
The adder bites you. The adder completely misses you.
You closely miss the adder. Your grab misses the adder.
The adder barely misses you.
You hit the adder.
The adder is poisoned.
Your grab misses the adder.
The adder is moderately wounded.
The adder completely misses you.
Jessica the Apprentice Sorceress comes into view.
She is wielding a +0 dagger.
The adder bites you.
Jessica shouts!
You hit the adder but do no damage.
The adder looks even sicker.
You grab the adder.
The adder is moderately wounded.
You constrict the adder. The adder barely misses you.
The adder closely misses you.
You hit the adder.
You kill the adder!
The adder bites you.
You are poisoned.
The adder poisons you!
Your Transmutations skill increases to level 3!
You have reached level 4!
You hit the adder. Your grab misses the adder.
The adder is heavily wounded.
You feel sick. The adder bites you.
You are more poisoned.
The adder poisons you! The adder barely misses you.
You closely miss the adder. Your grab misses the adder.
The adder is heavily wounded.
You feel very sick. The adder barely misses you. The adder bites you.
You aren't carrying any scrolls.
It was a potion of brilliance.
You feel clever all of a sudden.
You feel sick. The adder misses you.
It was a potion of haste.
You feel yourself speed up.
You feel sick. The adder bites you but does no damage.
Jessica gestures at you while chanting. Pain shoots through your body!
You die...

.........### ..
...........+...
...........#.. .
.........>... .. .
.........###... .
#............ .
#..@S.......
#...@...#############
##.†...........<#....
........####.#..........
........#...............
........#.).............
####...........####.....
..........#.....##....
.............###.######
.............###.# #


You could see an adder and Jessica.

Vanquished Creatures
  An adder (D:2)
  2 dart slugs
  5 endoplasms
  4 goblins
  6 hobgoblins
  2 jackals (D:1)
  5 ball pythons
  7 bats (D:1)
  3 frilled lizards (D:1)
  3 kobolds
  3 rats
41 creatures vanquished.

Notes
Turn   | Place    | Note
-------+----------+-------------------------------------------
     0 | D:1      | croobank the Octopode Transmuter began the quest for the
                  | Orb.
     0 | D:1      | Reached XP level 1. HP: 13/13 MP: 3/3
   442 | D:1      | Reached XP level 2. HP: 18/18 MP: 3/5
   861 | D:1      | Reached skill level 1 in Stealth
   907 | D:1      | Reached XP level 3. HP: 13/23 MP: 4/6
  1085 | D:1      | Learned a level 2 spell: Wereblood
  1089 | D:1      | Learned a level 3 spell: Spider Form
  1183 | D:1      | Found a faded altar of an unknown god.
  1791 | D:2      | Noticed Jessica
  1794 | D:2      | Reached XP level 4. HP: 22/28 MP: 7/7
  1797 | D:2      | Killed from afar by Jessica

Illustrated notes

Levels and vault maps discovered:
D:1:      dpeg_arrival_simpleton_c, layout_basic,
          hellmonk_ecumenical_altar_leap_of_faith
D:2:      minmay_wonky_spiral, layout_basic, minmay_cupped, uniq_jessica

Skill      XL: |  1  2  3 |
---------------+----------+-----
Stealth        | 1 |  1.0
Transmutations | 3 |  3.0
Fighting       | |  1.2
Long Blades    | |  0.4
Axes           | |  0.7
Dodging        | |  2.1
Unarmed Combat | |  3.1
Spellcasting   | |  2.4

Action                   |  1- 3 |  4- 6 || total
-------------------------+-------+-------++-------
Melee: Unarmed           |    26 |       ||    26
       Constrict         |    18 |       ||    18
       Kick              |    14 |       ||    14
       Dagger            |    26 |       ||    26
       Tentacles         |     6 |       ||     6
       Punch             |     4 |       ||     4
       Hand axe          |    27 |       ||    27
       Falchion          |     9 |     2 ||    11
 Cast: Beastly Appendage |    24 |       ||    24
  Use: Potion            |       |     2 ||     2
 Stab: Sleeping          |    11 |       ||    11
Armor: Skin              |    13 |     1 ||    14
Dodge: Dodged            |    57 |     3 ||    60

Table legend: (Time is in decaauts)
 A = Elapsed time spent in this place.
 B = Non-inter-level travel time spent in this place.
 C = Inter-level travel time spent in this place.
 D = Time resting spent in this place.
 E = Time spent auto-exploring this place.
 F = Levels seen in this place.
 G = Mean time per level.
                   A        B        C        D        E       F      G
               +--------+--------+--------+--------+--------+-----+--------+
         Total |   1804 |   1783 |     21 |    578 |    770 |   2 |  902.0 |
       Dungeon |   1804 |   1783 |     21 |    578 |    770 |   2 |  902.0 |
               +--------+--------+--------+--------+--------+-----+--------+

Top non-repeatable levels by time:
     D:1: 1369 daAuts
     D:2: 435 daAuts
